Map: New Repugnancy LE

Players

Nerchio

  • Race: Zerg Zerg
  • Spawn Location: 1:00

MrKillous (SKillous) - Winner!

  • Race: Protoss Protoss
  • Spawn Location: 7:00

Event: IEM Season 13: Katowice (2019)

VOD

Have the link to the VOD?

Description

Time

  • Played on: Feb. 25, 2019, 9:48 a.m.
  • Length: 11:04

All games in this series

Show
View Real Time Build Order
Export as new Build Order

Nerchio Zerg 

Build Orders: Hatch First 

Get SALT Encoding   

  12  0:00  Drone  
  13  0:12  Overlord  
  13  0:17  Drone  
  14  0:30  Drone x2  
  14  0:35  Drone  
  17  0:55  Hatchery  
  16  0:57  Drone  
  16  1:01  Drone  
  18  1:04  Extractor  
  17  1:17  Spawning Pool  
  16  1:20  Evolution Chamber, Drone x2  
  19  1:34  Drone  
  19  1:52  Hatchery  
  19  1:53  Overlord  
  18  2:03  Queen  
  18  2:04  Zergling x4  
  18  2:08  Metabolic Boost  
  22  2:12  Drone  
  23  2:24  Drone  
  24  2:32  Drone  
  25  2:37  Hatchery  
  24  2:44  Zergling x2  
  25  2:53  Queen  
  25  2:54  Zergling x2  
  29  3:05  Drone  
  29  3:06  Drone  
  29  3:08  Queen  
  29  3:10  Drone  
  33  3:15  Drone  
  33  3:19  Overlord  
  34  3:22  Drone  
  35  3:30  Drone  
  36  3:37  Drone x2  
  36  3:38  Drone  
  39  3:42  Drone  
  39  3:47  Drone  
  41  3:49  Queen, Drone  
  41  3:54  Lair  
  44  4:00  Roach Warren  
  43  4:03  Drone  
  43  4:04  Drone  
  43  4:06  Drone  
  43  4:08  Extractor  
  45  4:10  Drone  
  45  4:11  Drone  
  45  4:14  Drone  
  48  4:17  Overlord  
  48  4:22  Overlord  
  48  4:25  Overlord  
  48  4:31  Overlord  
  48  4:42  Roach x4  
  48  4:43  Roach  
  58  4:46  Roach  
  58  4:49  Roach  
  62  4:54  Roach x2  
  65  5:00  Drone  
  65  5:01  Drone x3  
  65  5:05  Overlord  
  65  5:06  Extractor  
  68  5:09  Glial Reconstitution  
  68  5:17  Overlord  
  67  5:26  Drone x7  
  71  5:33  Overlord  
  71  5:40  Roach x2  
  75  5:47  Overseer  
  75  5:54  Extractor, Drone x7  
  75  5:55  Drone  
  82  6:03  Roach  
  84  6:09  Queen  
  86  6:14  Roach x5  
  96  6:20  Overseer  
  96  6:22  Overseer  
  96  6:24  Overlord  
  96  6:27  Overlord x2  
  90  6:44  Drone x3  
  90  6:45  Extractor  
  90  6:46  Drone x3  
  95  6:47  Drone x2  
  95  6:48  Drone  
  95  6:49  Drone x4  
  95  6:51  Drone  
  95  6:53  Extractor, Drone  
  101  6:59  Overlord  
  101  7:05  Drone  
  101  7:06  Drone x3  
  105  7:10  Drone x2  
  105  7:13  Roach x2  
  109  7:18  Roach x3  
  115  7:23  Roach  
  115  7:24  Roach  
  115  7:29  Drone x2  
  122  7:30  Drone  
  122  7:31  Hydralisk Den  
  121  7:41  Drone x3  
  123  7:46  Overlord x2  
  123  7:48  Pneumatized Carapace, Hatchery  
  122  8:03  Roach x4  
  130  8:06  Roach x4  
  130  8:07  Lurker Den  
  130  8:09  Overlord  
  130  8:12  Ravager x3  
  140  8:13  Ravager x2  
  140  8:14  Zergling x2  
  140  8:15  Zergling x4  
  140  8:17  Zergling x2  
  140  8:19  Zergling x2  
  146  8:21  Overlord  
  146  8:23  Overlord  
  146  8:25  Overlord  
  146  8:29  Zergling x6  
  148  8:38  Overlord x3  
  148  8:44  Evolution Chamber  
  148  8:47  Zergling x2  
  148  8:48  Zergling x14  
  146  8:51  Ravager x5  
  146  8:52  Zergling x2  
  146  8:55  Zergling x6  
  153  8:57  Zergling x2  
  143  9:04  Zergling x2  
  143  9:05  Zergling x4  
  143  9:06  Ravager x2  
  143  9:07  Roach, Ravager  
  143  9:08  Roach x2  
  148  9:16  Roach  
  148  9:17  Roach x4  
  148  9:19  Roach  
  148  9:23  Roach x2  
  149  9:27  Roach x2  
  149  9:29  Zergling x4  
  147  9:36  Zergling x12  
  150  9:39  Zergling x6  
  150  9:42  Zergling x4  
  153  9:49  Zergling x2  
  153  9:50  Zergling x8  
  149  9:54  Zergling x6  
  149  9:58  Queen  
  139  10:09  Roach x3  
  139  10:10  Roach x5  
  140  10:15  Roach x2  
  140  10:16  Roach  
  140  10:18  Roach  
  140  10:20  Roach  
  145  10:23  Roach  
  145  10:24  Roach  
  145  10:28  Roach x2  
  145  10:30  Roach  
  145  10:34  Roach  
  135  10:38  Ravager x4  
Show
View Real Time Build Order
Export as new Build Order

MrKillous Protoss - Winner!

Build Orders:  

Get SALT Encoding   

  12  0:00  Probe  
  13  0:13  Probe  
  14  0:19  Pylon  
  14  0:25  Probe  
  15  0:33  Probe  
  15  0:39  Gateway  
  16  0:43  Probe, Assimilator  
  17  0:53  Probe  
  18  1:06  Probe  
  19  1:20  Probe  
  19  1:25  Pylon  
  20  1:33  Cybernetics Core  
  20  1:36  Probe  
  21  1:50  Probe  
  22  1:59  Adept  
  24  2:15  Nexus  
  24  2:19  Adept  
  24  2:20  Probe  
  24  2:22  Warp Gate  
  26  2:32  Probe  
  27  2:37  Assimilator  
  27  2:44  Probe  
  27  2:50  Pylon  
  28  2:51  Adept  
  28  2:56  Probe  
  31  3:05  Twilight Council  
  31  3:08  Probe  
  32  3:16  Resonating Glaives  
  32  3:20  Probe  
  33  3:27  Gateway  
  33  3:30  Probe  
  33  3:33  Probe  
  33  3:38  Gateway  
  33  3:40  Probe  
  33  3:46  Probe  
  35  3:48  Probe  
  36  3:57  Probe  
  36  3:58  Probe  
  36  4:00  Robotics Facility  
  38  4:10  Probe, Stalker  
  38  4:11  Probe  
  42  4:22  Adept, Probe  
  42  4:23  Probe  
  46  4:25  Pylon  
  46  4:33  Adept  
  46  4:34  Adept, Probe  
  46  4:35  Probe  
  46  4:37  Assimilator  
  52  4:42  Adept  
  54  4:46  Probe  
  54  4:47  Probe  
  54  4:51  Assimilator  
  56  4:55  Adept  
  56  4:56  Adept  
  56  4:58  Probe  
  56  4:59  Probe  
  62  5:00  Pylon  
  62  5:11  Warp Prism  
  62  5:16  Forge  
  62  5:18  Probe x2  
  62  5:34  Sentry x2  
  64  5:38  Sentry  
  64  5:42  Nexus  
  64  5:43  Probe  
  64  5:44  Probe  
  64  5:45  Pylon  
  64  5:47  Blink  
  64  5:49  Protoss Ground Weapons Level 1  
  66  5:55  Probe  
  67  5:59  Probe  
  67  6:02  Immortal  
  72  6:06  Pylon  
  72  6:07  Sentry x2, Probe  
  77  6:12  Pylon, Probe  
  78  6:24  Probe x2  
  80  6:27  Gateway  
  80  6:36  Probe x2  
  80  6:39  Gateway  
  78  6:41  Immortal  
  78  6:43  Gateway  
  78  6:45  Gateway  
  78  6:51  Stalker  
  82  6:54  Probe  
  82  6:55  Probe x2  
  85  7:03  Stalker x2  
  85  7:07  Probe x2  
  91  7:18  Probe  
  91  7:19  Probe  
  91  7:21  Gateway, Observer  
  97  7:24  Assimilator  
  94  7:30  Stalker x4  
  94  7:34  Pylon  
  94  7:35  Pylon  
  102  7:39  Zealot  
  102  7:42  Photon Cannon  
  102  7:43  Pylon  
  104  7:46  Immortal  
  108  7:53  Robotics Bay  
  108  7:54  Pylon  
  108  7:56  Assimilator  
  108  7:58  Stalker x2  
  112  8:01  Adept  
  114  8:06  Protoss Ground Weapons Level 2  
  114  8:13  Stalker x4  
  122  8:25  Stalker x3  
  128  8:29  Disruptor  
  124  8:34  Stalker  
  124  8:38  Stalker x3  
  135  8:49  Stalker x2  
  135  8:51  Stalker  
  141  8:55  Pylon  
  141  8:57  Pylon  
  141  9:12  Disruptor  
  141  9:15  Stalker x6  
  144  9:19  Stalker  
  144  9:20  Sentry  
  140  9:30  Probe  
  137  9:37  Stalker  
  133  9:42  Stalker x3  
  133  9:43  Probe  
  138  9:50  Stalker  
  138  9:51  Probe  
  136  9:54  Disruptor, Stalker  
  136  9:55  Stalker  
  136  9:58  Stalker  
  145  10:12  Zealot  
  145  10:13  Zealot x2  
  145  10:14  Probe  
  145  10:19  Zealot x4  
  146  10:26  Probe x2  
  146  10:28  Zealot  
  143  10:29  Probe  
  143  10:35  Probe  
  139  10:39  Probe  
  139  10:41  Probe  
  138  10:43  Probe  
  139  10:51  Stalker x3, Probe  
  139  10:52  Stalker  
  139  10:53  Stalker  
  135  11:04  Nexus  

Tags
 
Add a new tag
Caveats
  • Supply blocks, unpowered buildings, or Contaminate may cause inaccurate times.
  • Supply counts are checked every 10 seconds.